AoeStats
← Scol1ng

Fortress

507740376Analyzed
3v3 RM · 14d ago on Sep 19, 2026· 44m 40s· 6 players
Game mode
Random Map
Map size
Large (8 player)
Population
200
Speed
Normal
Resources
Standard
Victory
Conquest
Starting age
Dark Age
Ending age
Imperial Age
RankedLock teamsTeams togetherTeam positionsShared explorationLock speedFull tech treeHidden civsTurbo modeCheats
Victory
Defeat
🇩🇪 Portuguese · Germany
1606
+8
🇩🇪 Malay · Germany
1582
+9
🇩🇪 Burmese · Germany
1563
+10
🇹🇼 Spanish · Taiwan
1433
-9
🇹🇼 Mongols · Taiwan
1428
-9
🇦🇷 Georgians · Argentina
1422
-9
Öl1ng
7:58 Feudal Age
11:29 Castle Age
9:22 Horse Collar
9:48 Double-Bit Axe
15:11 Wheelbarrow
15:31 Squires
20:59 Bow Saw
21:19 Loom
24:20 Heavy Plow
24:46 Town Watch
26:05 Gold Mining
26:12 Stone Mining
26:57 Hand Cart
30:10 Imperial Age
28:02 Fletching
29:03 Hand Cart
28:51 Bodkin Arrow
29:19 Ballistics
28:41 Elite Skirmisher
29:41 Bracer
30:02 Masonry
31:17 Chemistry
30:37 Thumb Ring
30:45 Padded Archer Armor
31:35 Siege Engineers
31:44 Masonry
31:08 Crossbowman
33:04 Leather Archer Armor
34:45 Ring Archer Armor
37:04 Forging
36:17 Pikeman
36:43 Arson
37:31 Halberdier
38:47 Iron Casting
40:25 Blast Furnace
41:25 Siege Engineers
42:34 Caravan
42:44 Guilds
42:33 Arbalester
105er.G0ldenFir3
7:13 Feudal Age
10:45 Castle Age
9:03 Double-Bit Axe
9:10 Horse Collar
11:58 Bow Saw
17:26 Wheelbarrow
16:41 Town Watch
16:56 Gold Mining
17:12 Heavy Plow
24:17 Imperial Age
24:30 Imperial Age
21:59 Loom
22:35 Hand Cart
23:43 Ballistics
23:26 Circumnavigation
23:53 Gold Mining
23:53 Stone Mining
24:13 Scale Mail Armor
24:00 Treadmill Crane
24:31 Masonry
26:26 Chemistry
25:07 Crossbowman
25:53 Thumb Ring
25:22 Pikeman
26:43 Fletching
27:09 Chain Mail Armor
27:43 Halberdier
28:55 Plate Mail Armor
29:47 Fortified Wall
31:29 Architecture
32:06 Arquebus
32:26 Conscription
33:25 Siege Engineers
34:54 Two-Man Saw
34:25 Crop Rotation
34:19 Bombard Tower
34:16 Bodkin Arrow
34:13 Arson
35:42 Stone Shaft Mining
35:28 Bracer
35:39 Forging
35:32 Caravan
36:10 Padded Archer Armor
35:32 Arbalester
37:12 Town Patrol
Scol1ng
8:00 Feudal Age
12:10 Castle Age
10:18 Horse Collar
13:11 Wheelbarrow
13:07 Heavy Plow
20:26 Fervor
21:26 Hand Cart
21:16 Gold Mining
21:18 Stone Mining
25:39 Imperial Age
23:55 Padded Archer Armor
25:07 Masonry
24:45 Loom
28:23 Imperial Age
27:31 Scale Barding Armor
27:36 Forging
27:46 Husbandry
27:57 Bloodlines
27:57 Light Cavalry
29:53 Crop Rotation
29:46 Chain Barding Armor
30:01 Iron Casting
28:48 Hussar
28:49 Elite Arambai
30:51 Plate Barding Armor
31:23 Chemistry
30:34 Town Watch
31:31 Conscription
31:14 Manipur Cavalry
32:34 Blast Furnace
32:33 Parthian Tactics
34:26 Treadmill Crane
35:27 Gold Shaft Mining
37:23 Elite Battle Elephant
39:14 Caravan
39:44 Coinage
39:25 Guilds
39:22 Fletching
40:25 Howdah
41:52 Fortified Wall
43:27 Banking
moment1130
7:22 Feudal Age
11:34 Castle Age
9:42 Horse Collar
10:48 Double-Bit Axe
11:20 Scale Barding Armor
11:36 Gold Mining
12:50 Bow Saw
17:22 Forging
18:11 Husbandry
20:35 Chain Barding Armor
21:33 Stone Mining
22:00 Loom
22:59 Wheelbarrow
23:45 Bloodlines
25:06 Iron Casting
25:29 Stone Shaft Mining
29:50 Imperial Age
30:00 Elite Monaspa
31:02 Conscription
31:46 Blast Furnace
31:09 Hand Cart
31:30 Town Watch
32:22 Plate Barding Armor
33:22 Heavy Plow
34:33 Crop Rotation
34:46 Scale Mail Armor
36:34 Aznauri Cavalry
42:13 Fletching
42:24 Padded Archer Armor
42:51 Bodkin Arrow
42:36 Elite Skirmisher
dlic3247
7:51 Feudal Age
11:39 Castle Age
9:39 Double-Bit Axe
10:13 Horse Collar
13:14 Bow Saw
17:19 Wheelbarrow
16:30 Loom
17:26 Fletching
21:15 Town Watch
23:10 Gold Mining
23:14 Stone Mining
27:36 Imperial Age
25:27 Bodkin Arrow
26:39 Padded Archer Armor
27:20 Hand Cart
27:39 Scale Barding Armor
27:50 Leather Archer Armor
27:41 Heavy Plow
28:18 Bloodlines
28:08 Husbandry
28:48 Conscription
28:14 Light Cavalry
29:29 Bracer
30:08 Ballistics
31:40 Gold Shaft Mining
31:41 Stone Shaft Mining
32:42 Chain Barding Armor
32:33 Forging
32:11 Hussar
35:39 Chemistry
34:45 Siege Engineers
36:25 Forging
38:36 Elite Mangudai
40:28 Capped Ram
42:45 Drill
43:37 Iron Casting
ya78911121
8:01 Feudal Age
11:53 Castle Age
10:02 Horse Collar
11:28 Double-Bit Axe
16:11 Bow Saw
17:31 Heavy Plow
20:23 Gold Mining
25:46 Imperial Age
23:53 Husbandry
24:24 Ballistics
24:14 Scale Barding Armor
25:06 Bloodlines
26:41 Chain Barding Armor
26:04 Cavalier
27:28 Forging
27:57 Wheelbarrow
29:02 Hand Cart
28:52 Onager
31:34 Light Cavalry
31:35 Paladin
32:41 Loom
34:47 Conscription
34:09 Hussar
34:21 Elite Skirmisher
35:06 Thumb Ring
35:18 Fletching
37:22 Two-Man Saw
37:03 Bodkin Arrow
37:49 Bracer
42:01 Padded Archer Armor
44:34 Chemistry
Connection lost

Rejoining the realm…

Still unreachable

The connection could not be restored.

Session expired

The server has moved on; the page needs a fresh start.